Map: Prion Terraces

Players

llllllllllll - Winner!

  • Race: Zerg Zerg
  • League: Diamond

LilDicky

  • Race: Terran Terran
  • League: Diamond

VOD

http://www.twitch.tv/tumescentpie

Description

Time

  • Played on: Dec. 5, 2015, 11:37 p.m.
  • Length: 9:14
Show
View Real Time Build Order
Export as new Build Order

llllllllllll Zerg - Winner!

Build Orders: Hatch First 

Get SALT Encoding   

  12  0:01  Drone  
  13  0:10  Drone  
  14  0:18  Overlord  
  14  0:25  Drone, Extractor  
  15  0:36  Drone  
  16  0:51  Hatchery  
  16  0:53  Drone  
  16  1:04  Drone x2  
  16  1:05  Extractor  
  17  1:18  Spawning Pool  
  16  1:23  Overlord  
  16  1:40  Drone  
  16  1:45  Drone  
  18  2:05  Queen x2, Zergling x2  
  18  2:07  Zergling x6  
  26  2:14  Metabolic Boost  
  26  2:20  Drone x2  
  28  2:26  Drone  
  28  2:28  Drone  
  29  2:47  Overlord  
  29  2:49  Drone x3  
  32  2:57  Lair  
  32  2:58  Drone  
  33  3:24  Drone x5  
  33  3:25  Drone  
  39  3:29  Hatchery  
  38  3:36  Drone x3  
  38  3:37  Drone  
  42  3:43  Overlord  
  42  3:50  Evolution Chamber, Drone x2  
  42  3:58  Drone  
  42  4:00  Extractor x2  
  42  4:01  Overseer  
  41  4:07  Overlord, Drone x2  
  41  4:08  Drone x3  
  44  4:27  Queen  
  46  4:33  Zerg Missile Weapons Level 1  
  46  4:35  Drone x3  
  46  4:36  Drone x5  
  54  4:40  Extractor  
  53  4:49  Queen  
  55  4:53  Drone  
  55  4:56  Overlord x4  
  56  5:16  Roach Warren  
  55  5:29  Queen  
  57  5:41  Drone x2  
  59  5:43  Evolution Chamber  
  59  5:44  Overlord  
  59  5:45  Overlord x2  
  58  5:55  Roach x4  
  58  5:56  Roach x11  
  88  6:03  Overlord x2  
  88  6:05  Roach x3  
  88  6:09  Zerg Ground Armor Level 1  
  88  6:10  Glial Reconstitution  
  94  6:16  Zergling x2  
  94  6:17  Zergling x12  
  101  6:20  Ravager  
  101  6:21  Ravager x4  
  101  6:22  Ravager  
  101  6:23  Ravager  
  108  6:30  Drone  
  108  6:31  Drone x5  
  108  6:32  Drone  
  112  7:06  Zergling x2  
  112  7:07  Zergling x18  
  111  7:20  Drone x2  
  111  7:22  Overlord x5  
  113  7:44  Roach  
  113  7:45  Roach x7  
  113  7:48  Hatchery  
  103  8:10  Roach x5  
  103  8:11  Roach x6  
  118  8:29  Roach  
  118  8:30  Roach x4  
  109  8:55  Roach  
  116  9:01  Ravager x8  
  116  9:02  Ravager x4  
Show
View Real Time Build Order
Export as new Build Order

LilDicky Terran 

Build Orders: MMM Bio 

Get SALT Encoding   

  12  0:02  SCV  
  14  0:14  SCV  
  14  0:17  Supply Depot  
  14  0:26  SCV  
  15  0:34  Refinery  
  15  0:39  SCV  
  16  0:45  Barracks  
  16  0:51  SCV  
  17  1:03  SCV  
  18  1:15  SCV  
  19  1:29  SCV  
  20  1:43  Orbital Command  
  20  1:44  Reaper  
  21  1:47  Command Center  
  21  2:01  Supply Depot  
  22  2:08  SCV  
  22  2:20  SCV  
  22  2:22  Barracks Tech Lab  
  23  2:23  Barracks  
  23  2:29  Barracks  
  23  2:32  SCV  
  23  2:34  Supply Depot  
  24  2:43  Marine  
  24  2:44  SCV  
  24  2:46  Stimpack  
  25  2:55  Refinery  
  25  2:56  SCV  
  26  3:03  Marine  
  27  3:09  SCV  
  27  3:12  Barracks Tech Lab  
  28  3:19  Barracks Reactor  
  28  3:21  SCV  
  28  3:24  Marine  
  28  3:26  Orbital Command  
  30  3:31  Marine  
  30  3:33  SCV  
  32  3:34  Combat Shields  
  32  3:41  Factory  
  32  3:42  Marine  
  32  3:45  SCV  
  34  3:51  Marine  
  34  3:57  SCV, Marine x2  
  37  4:06  Bunker  
  37  4:07  Orbital Command  
  37  4:08  Supply Depot  
  37  4:13  SCV  
  38  4:19  Marine x3  
  41  4:31  Starport, Factory Reactor  
  40  4:34  SCV  
  40  4:35  SCV  
  42  4:45  Engineering Bay, Marine  
  43  4:48  Marine  
  43  4:50  Marine  
  45  4:55  SCV x2  
  45  4:57  Marine  
  48  5:02  Concussive Shells  
  48  5:05  Marine  
  48  5:06  Marine  
  50  5:07  SCV x2  
  52  5:15  Terran Infantry Weapons Level 1  
  52  5:16  Missile Turret  
  52  5:18  Missile Turret  
  52  5:22  Supply Depot  
  52  5:25  Marine, Medivac x2  
  52  5:26  Marine x2  
  60  5:43  Marine x2  
  60  5:44  SCV  
  60  5:45  SCV  
  65  5:50  Command Center  
  65  5:53  Supply Depot  
  65  5:55  Medivac x2  
  65  5:56  SCV  
  70  5:59  SCV  
  69  6:07  Supply Depot, Marauder  
  71  6:13  Marine x3  
  71  6:14  Widow Mine  
  76  6:19  SCV x2  
  76  6:22  Refinery x2  
  78  6:28  Marauder  
  78  6:31  SCV x2, Marine x2  
  78  6:32  Marauder  
  86  6:41  Supply Depot  
  83  6:49  Marine x2  
  83  6:50  Marauder  
  83  6:53  Marauder  
  82  7:06  Marine  
  82  7:07  Marine  
  84  7:11  Marauder  
  84  7:14  Marauder  
  85  7:24  Marine  
  86  7:31  Marine  
  86  7:32  Marine  
  86  7:36  Marauder  
  90  7:38  Barracks x2  
  90  7:39  Barracks x2  
  90  7:41  Medivac  
  90  7:42  Barracks  
  90  7:43  Armory, Medivac  
  94  7:44  Barracks  
  94  7:50  Marauder  
  90  8:00  Planetary Fortress  
  90  8:03  Marine  
  90  8:04  Marine x2  
  81  8:11  Marine  
  52  8:21  Marine x2  
  52  8:22  Marine  
  52  8:28  Marine x2  
  52  8:29  Marine  
  52  8:33  Marine  
Tags
 
Add a new tag
Caveats
  • Supply blocks, unpowered buildings, or Contaminate may cause inaccurate times.
  • Supply counts are checked every 10 seconds.